 Dungeon Sprint DCSS version 0.21-a0-278-ga722497 (webtiles) character file.

445 vatarom the Grappler (level 6, 0/102 HPs)
             Began as a Troll Monk on Sept 20, 2017.
             Was a Believer of Wu Jian.
             Succumbed to Sonja's curare-tipped needle
             ... in the Dungeon (Sprint I: "Red Sonja").
             The game lasted 00:01:25 (235 turns).

vatarom the Grappler (Troll Monk)                    Turns: 235, Time: 00:01:25

Health: 0/102      AC:  5    Str: 25    XL:     6   Next: 72%
Magic:  1/5        EV: 14    Int:  6    God:    Wu Jian [**....]
Gold:   59         SH:  0    Dex: 14    Spells: 5/5 levels left

rFire    . . .     SeeInvis .     - Unarmed
rCold    . . .     Gourm    +   (no shield)
rNeg     . . .     Faith    .   a - +0 robe
rPois    .         Spirit   +   (helmet restricted)
rElec    .         Reflect  .   k - scarf {Spirit}
rCorr    .         Harm     .   (gloves unavailable)
MR       .....     NoTele   +   (boots unavailable)
Stlth    ..........             (no amulet)
HPRegen  0.67/turn              (no ring)
MPRegen  0.09/turn              (no ring)

@: berserking, lethally poisoned (0 -> -50), slowed
A: unfitting armour, claws 3, fast metabolism 3, gourmand, regeneration 1,
shaggy fur 1, tough skin 2
a: Renounce Religion


You were in the Dungeon.
You worshipped Wu Jian.
Wu Jian was pleased with you.
You were full.

You visited 1 branch You collected 243 gold pieces.
You spent 184 gold pieces at shops.

Inventory:

Armour
 a - a +0 robe (worn)
 k - a scarf of spirit shield (worn)
Wands
 i - a wand of flame (21/48)
Scrolls
 h - a scroll of blinking
Potions
 c - a potion of curing
 e - a potion of haste
 f - 2 potions of magic
Books
 j - a book of Changes

   Spells                             Type                      Level
   a - Beastly Appendage              Transmutation                1
   b - Sticks to Snakes               Transmutation                2
   c - Spider Form                    Transmutation/Poison         3
   d - Ice Form                       Ice/Transmutation            4
   e - Blade Hands                    Transmutation                5
Comestibles
 b - 2 bread rations


   Skills:
 + Level 6.8 Fighting
 + Level 6.9 Dodging
 - Level 2.2 Stealth
 * Level 9.6 Unarmed Combat


You had 5 spell levels left.
You didn't know any spells.

Dungeon Overview and Level Annotations

Branches:
Dungeon (1/1)

Altars:
Cheibriados
Dithmenos
Elyvilon
Fedhas
Gozag
Hepliaklqana
Kikubaaqudgha
Nemelex Xobeh
Okawaru
Qazlal
Ru
Sif Muna
Trog
Uskayaw
Vehumet
Wu Jian
Yredelemnul
Zin
The Shining One

Shops:
D [

Annotations:
D Sonja


Innate Abilities, Weirdness & Mutations

You are too large for most types of armour.
You have claws for hands.
Your metabolism is lightning-fast.
You like to eat raw meat.
Your natural rate of healing is unusually fast.
You are covered in fur. (AC +1)
You have very tough skin. (AC +2)


Message History

You have difficulty breathing.
* * * LOW HITPOINT WARNING * * *
You feel as though you will be slow longer.
You see here a curare-tipped needle.
You feel much better.
You feel extremely sick.
Sonja shoots a curare-tipped needle.
The curare-tipped needle hits you.
You are more poisoned.
You have difficulty breathing.
* * * LOW HITPOINT WARNING * * *
You feel as though you will be slow longer.
You close the door.
* * * LOW HITPOINT WARNING * * *
You feel extremely sick.
Sonja opens the door.
Sonja mumbles some strange words.
Sonja blinks!
A red film seems to cover your vision as you go berserk!
You feel yourself moving faster!
You feel mighty!
You die...

################
#<.#.)').#.)'..#
#..'..#..'..#..+
#..#####+#####'#
#..#### #...#.#
#..#__####..##)#
#..#_____##'#_.+
#⌠⌠#_.∩...'.K._#
####_..__##_@#+#
#_____###'#
####### #§# $.$
#$.$# ##.## #+#


You could see Sonja.

Vanquished Creatures
  Sigmund (D)
  A yak (D)
  An ogre (D)
  A jelly (D)
  Ijyb (D)
5 creatures vanquished.

Notes
Turn   | Place    | Note
-------+----------+-------------------------------------------
     0 | D        | vatarom the Troll Monk began the quest for the Orb.
     0 | D        | Reached XP level 1. HP: 22/22 MP: 0/0
     1 | D        | Noticed Ijyb
     7 | D        | Killed Ijyb
     7 | D        | Reached skill level 4 in Unarmed Combat
     7 | D        | Reached XP level 2. HP: 22/31 MP: 1/1
    30 | D        | Noticed an ogre
    33 | D        | Killed an ogre
    33 | D        | Reached skill level 6 in Unarmed Combat
    33 | D        | Reached XP level 3. HP: 40/40 MP: 2/2
    33 | D        | Reached XP level 4. HP: 49/49 MP: 3/3
    41 | D        | Noticed Sigmund
    48 | D        | Killed Sigmund
    48 | D        | Reached skill level 8 in Unarmed Combat
    48 | D        | Reached XP level 5. HP: 59/59 MP: 4/4
    60 | D        | Found a deep blue altar of Sif Muna.
    61 | D        | Found an ornate altar of the Wu Jian Council.
    62 | D        | Found a radiant altar of Vehumet.
    67 | D        | Reached XP level 6. HP: 62/67 MP: 5/5
    70 | D        | Became a worshipper of the Wu Jian Council
    70 | D        | Reached * piety under Wu Jian
    70 | D        | Reached ** piety under Wu Jian
    86 | D        | Found Arokh's Antique Armour Emporium.
    86 | D        | Found an ancient bone altar of Kikubaaqudgha.
    86 | D        | Found a hazy altar of Hepliaklqana.
    86 | D        | Found a hide-covered altar of Uskayaw.
    86 | D        | Found a basalt altar of Yredelemnul.
    86 | D        | Found an opulent altar of Gozag.
    86 | D        | Found a snail-covered altar of Cheibriados.
    86 | D        | Found a sacrificial altar of Ru.
    86 | D        | Found a shadowy altar of Dithmenos.
    86 | D        | Noticed a yak
    87 | D        | Found a stormy altar of Qazlal.
    87 | D        | Found a blossoming altar of Fedhas.
    87 | D        | Found a bloodstained altar of Trog.
    87 | D        | Found an iron altar of Okawaru.
    87 | D        | Found a glowing golden altar of the Shining One.
    87 | D        | Found a glowing silver altar of Zin.
    87 | D        | Found a white marble altar of Elyvilon.
    99 | D        | Killed a yak
    99 | D        | Reached skill level 9 in Unarmed Combat
   160 | D        | Found a sparkling altar of Nemelex Xobeh.
   164 | D        | Bought an embroidered scarf for 184 gold pieces
   176 | D        | Noticed Sonja
   235 | D        | Succumbed to Sonja's curare-tipped needle

Vault maps used:
D:        dungeon_sprint_1

Skill      XL: |  1  2  3  4  5  6 |
---------------+-------------------+-----
Fighting       | 3 4 6 |  6.8
Dodging        | 3 4 6 |  6.9
Unarmed Combat | 4 6 8 9 |  9.6
Stealth        | 2 |  2.2

Action                   |  1- 3 |  4- 6 || total
-------------------------+-------+-------++-------
Melee: Unarmed           |     6 |    17 ||    23
       Punch             |     1 |     1 ||     2
  Use: Potion            |       |     2 ||     2
 Stab: Sleeping          |     1 |       ||     1
  Eat: Chunk             |     1 |     3 ||     4
Armor: Robe              |       |     2 ||     2
Dodge: Dodged            |     2 |     8 ||    10

Table legend:
 A = Spawn XP
 B = Non-spawn XP
 C = Spawn XP percentage of total XP
 D = Spawn monster count
 E = Non-spawn monster count
 F = Spawn count percentage of total count
 G = Total turns spent on level
                    A         B        C        D         E        F      G
               +---------+---------+-------+---------+---------+-------+---------
         Total |       0 |     636 |   0.0 |       0 |       5 |   0.0 |   235
               +---------+---------+-------+---------+---------+-------+---------
             D |       0 |     636 |   0.0 |       0 |       5 |   0.0 |   235
               +---------+---------+-------+---------+---------+-------+---------
